 Dungeon Crawl Stone Soup version 0.13.0-19-g8e0b589 (webtiles) character file.

316 MDvedh the Cudgeler (level 6, 0/45 HPs)
             Began as a Human Death Knight on Oct 25, 2013.
             Was a Believer of Yredelemnul.
             Killed by nerve-wracking pain
             ... invoked by Menkaure
              (5 damage)
             ... on Level 4 of the Dungeon.
             The game lasted 00:07:59 (3919 turns).

MDvedh the Cudgeler (Human Death Knight)            Turns: 3919, Time: 00:07:59

HP   0/45        AC  4     Str 16      XL: 6   Next:  2%
MP  10/10        EV 15     Int 11      God: Yredelemnul [**....]
Gold 125         SH  0     Dex 12      Spells:  0 memorised,  5 levels left

Res.Fire  : . . .   See Invis. : .   a - +1 mace
Res.Cold  : . . .   Warding    : .   y - +0 leather armour (curse)
Life Prot.: . . .   Conserve   : +   (no shield)
Res.Poison: +       Res.Corr.  : .   (no helmet)
Res.Elec. : .       Clarity    : .   m - +0 cloak
Sust.Abil.: . .     Spirit.Shd : .   (no gloves)
Res.Mut.  : .       Stasis     : .   (no boots)
Res.Rott. : .       Flight     : .   b - amulet of conservation
Saprovore : . . .                    k - ring of poison resistance
                                     r - +4 ring of evasion

@: slightly resistant to hostile enchantments, very unstealthy
A: no striking features
a: Animate Remains, Recall Undead Slaves, Injury Mirror, Renounce Religion


You were on level 4 of the Dungeon.
You worshipped Yredelemnul.
Yredelemnul was pleased with you.
You were hungry.

You visited 1 branch of the dungeon, and saw 4 of its levels.

You collected 105 gold pieces.

Inventory:

Hand weapons
 a - a +1,+1 mace (weapon)
 i - a +0,+1 whip
 q - a +0,+0 mace
 v - a +0,+0 orcish flail
Armour
 m - a +0 cloak (worn)
 p - a cursed +0 ring mail
 w - a +2 ring mail
 y - a cursed +0 leather armour (worn)
Comestibles
 c - 5 bread rations
Scrolls
 o - a scroll of magic mapping {unknown}
Jewellery
 b - an amulet of conservation (around neck)
 h - an uncursed amulet of stasis {unknown}
 k - a ring of poison resistance (right hand)
 l - an uncursed amulet of warding {unknown}
 n - an uncursed ring of magical power {unknown}
 r - a +4 ring of evasion (left hand)
Potions
 e - a potion of degeneration {unknown}
 g - 2 potions of agility
 j - 2 potions of brilliance
 s - a potion of might {unknown}
 t - a potion of confusion {unknown}
 u - a potion of mutation {unknown}


   Skills:
 - Level 2.0 Fighting
 + Level 5.7 Maces & Flails
 - Level 1.0 Armour
 - Level 1.0 Dodging
 - Level 3.0 Invocations


You had 5 spell levels left.
You didn't know any spells.

Dungeon Overview and Level Annotations

Branches:
Dungeon (4/27)
 Temple: D:4-7

Altars:
Makhleb

Shops:
D:4 (

Annotations:
D:3 Prince Ribbit
D:4 Menkaure


Message History

Menkaure hits your quokka zombie!
Your quokka zombie is destroyed!
Menkaure barely misses your hobgoblin zombie.
Your hobgoblin zombie barely misses Menkaure.
Menkaure hits your hobgoblin zombie!
Your hobgoblin zombie is destroyed!
Menkaure calls on the powers of darkness!
Your body is wracked with pain!
* * * LOW HITPOINT WARNING * * *
Menkaure calls on the powers of darkness!
Your body is wracked with pain!
* * * LOW HITPOINT WARNING * * *
Menkaure calls on the powers of darkness!
Your body is wracked with pain!
* * * LOW HITPOINT WARNING * * *
There is a stone staircase leading down here.
Menkaure gestures at you while chanting.
Pain shoots through your body!
You die...
Your body rises from the dead as a mindless zombie.

..#..#####.. #...#.........#
#...#.........#
#...#.........#
#...#.........#
#...#.........##. ....
#...#............# #.....
#...M....@.......# #.....
#...............(# #.....
#..##........##..# #.....
#..##........##..# #.....
#.##..##........##..# #.....
#.....##........##..####.....
#..##.##........##...........
#..##M##..................##.
#..##.##............####..##.


You could see Menkaure.

Vanquished Creatures
  A hound (D:4)
  A crimson imp (D:4)
  An orc wizard (D:3)
  2 adders (D:2)
  2 worms (D:3)
  7 giant geckos
  2 oozes
  4 orcs (D:3)
  5 bats
  3 giant cockroaches
  9 goblins
  9 hobgoblins
  3 kobolds
  2 quokkas
  A ball python (D:3)
  3 giant newts
  A kobold zombie (D:3)
  4 rats
60 creatures vanquished.

Vanquished Creatures (collateral kills)
  A giant eyeball (D:4)
1 creature vanquished.

Vanquished Creatures (others)
  A kraken (D:1)
  A ghoul (D:1)
  A minotaur (D:1)
  A troll (D:1)
  A draconian (D:1)
  An octopode (D:1)
  A dwarf (D:1)
  A human (D:1)
  A mummy (D:1)
  A giant cockroach zombie (D:2)
  A hobgoblin zombie (D:4)
  A quokka zombie (D:4)
  10 tentacles (D:1)
  23 tentacle segments (D:1)
45 creatures vanquished.

Grand Total: 106 creatures vanquished

Notes
Turn   | Place    | Note
--------------------------------------------------------------
     0 | D:1      | MDvedh, the Human Death Knight, began the quest for the Orb.
     0 | D:1      | Reached XP level 1. HP: 16/16 MP: 2/2
     2 | D:1      | Noticed a naga
     2 | D:1      | Noticed a vampire
     2 | D:1      | Noticed a naga
     2 | D:1      | Noticed a dwarf
     2 | D:1      | Noticed a troll
     2 | D:1      | Noticed a minotaur
     2 | D:1      | Noticed an octopode
     2 | D:1      | Noticed a kraken
     2 | D:1      | Noticed a ghoul
     2 | D:1      | Noticed a troll
     2 | D:1      | Noticed a draconian
     2 | D:1      | Noticed a human
     2 | D:1      | Noticed a minotaur
     2 | D:1      | Noticed a dwarf
     2 | D:1      | Noticed a draconian
     4 | D:1      | Killed an octopode
     9 | D:1      | Killed a ghoul
    12 | D:1      | Killed a human
    13 | D:1      | Killed a troll
    17 | D:1      | Killed a minotaur
    25 | D:1      | Killed a dwarf
    26 | D:1      | Killed a draconian
    26 | D:1      | Killed a kraken
   154 | D:1      | Reached XP level 2. HP: 9/22 MP: 4/4
   787 | D:2      | Reached XP level 3. HP: 25/27 MP: 5/5
  1412 | D:2      | Reached skill level 4 in Maces & Flails
  1412 | D:2      | Reached XP level 4. HP: 12/34 MP: 7/7
  1436 | D:2      | Acquired Yredelemnul's second power
  2747 | D:3      | Reached XP level 5. HP: 6/39 MP: 8/8
  2751 | D:3      | Reached skill level 5 in Maces & Flails
  3060 | D:3      | Found a burning altar of Makhleb.
  3240 | D:4      | Noticed Prince Ribbit
  3478 | D:4      | Found Strigroc's Weapon Shop.
  3689 | D:4      | Paralysed by a giant eyeball for 3 turns
  3760 | D:4      | Reached XP level 6. HP: 33/45 MP: 10/10
  3884 | D:4      | Noticed Menkaure
  3919 | D:4      | Killed from afar by Menkaure

Action                   |  1- 3 |  4- 6 || total
-------------------------+-------+-------++-------
Melee: Mace              |   101 |   136 ||   237
       Whip              |       |    58 ||    58
Invok: Animate Remains   |       |     5 ||     5
  Use: Potion            |       |     3 ||     3
       Scroll            |       |    12 ||    12
